[Event "Team 45 45 League T42"]
[Site "Internet Chess Club"]
[Date "2009.08.07"]
[Round "2"]
[White "avila"]
[Black "Fezzik"]
[Result "0-1"]
[WhiteElo "1735"]
[BlackElo "2021"]
[Opening "Sicilian defense"]
[ECO "B44"]
[Time "18:17:39"]
[TimeControl "2700+45"]

1. e4 c5 2. Nf3 e6 3. d4 cxd4 4. Nxd4 Nc6 5. a3 Nf6 6. Nc3 a6 7. Be3 Qc7 8. Be2
Be7 9. Qd2 O-O 10. h4 Nxd4 11. Bxd4 b5 12. g4 Bb7 13. Bxf6 Bxf6 14. g5 Bxc3 15.
bxc3 Bxe4 16. f3 Bf5 17. O-O-O d5 18. Bd3 Bxd3 19. Qxd3 Rac8 20. Kb2 Qc4 21. Qe3
Rc6 22. Rh3 Rfc8 23. f4 a5 24. Rd4 Qc5 25. h5 Qd6 26. Qd3 Rc4 27. g6 fxg6 28.
hxg6 h6 29. f5 Rxd4 30. cxd4 exf5 31. Qxf5 Rf8 32. Qe5 Qxe5 33. dxe5 Re8 34. Re3
d4 35. Re4 Re6 36. Rxd4 Rxg6 37. Rd5 Rb6 38. Ka2 Kf7 39. a4 bxa4 40. Rxa5 Ke6
41. c4 Rb4 42. Rc5 Rb3 43. Ra5 Rc3 44. Rxa4 Kxe5 45. Ra7 g5 46. Rh7 Rxc4 47.
Rxh6 Rb4 48. Ka3 Rb8 49. Rg6 Kf4 50. Rf6+ Kg3 51. Rg6 g4 52. Rg7 Kf3 53. Rf7+
Kg2 54. Rg7 g3 55. Rg6 Kf2 56. Rf6+ Kg1 57. Rg6 g2 58. Rg7 Rf8 59. Kb3 Kf2 60.
Kc2 Rf3 61. Kd2 g1=Q 62. Rxg1 Kxg1 63. Ke2 Kg2 {White resigns} 0-1

[Event "Team 45 45 League T42"]
[Site "Internet Chess Club"]
[Date "2009.08.10"]
[Round "2"]
[White "AronT"]
[Black "vkpanch"]
[Result "1-0"]
[WhiteElo "1957"]
[BlackElo "1656"]
[Opening "King's Indian: Averbakh system"]
[ECO "E73"]
[Time "21:00:23"]
[TimeControl "2700+45"]

1. d4 Nf6 2. c4 g6 3. Nc3 Bg7 4. e4 d6 5. Be2 O-O 6. Bg5 Nbd7 7. Nf3 h6 8. Be3
e5 9. d5 g5 10. Qd2 Ng4 11. h4 Nxe3 12. Qxe3 g4 13. Nh2 Qxh4 14. Bxg4 Nf6 15.
Bxc8 Raxc8 16. O-O-O Kh7 17. g4 h5 18. Rdg1 Bh6 19. g5 Bxg5 20. Qxg5 Qxg5+ 21.
Rxg5 Rg8 22. Rhg1 a6 23. Rxg8 Rxg8 24. Rxg8 Kxg8 25. Kd2 Kg7 26. Ke2 Kg6 27. Kf3
Kg5 28. b4 Kh4 29. c5 Kh3 30. Nf1 h4 31. Ne2 Nxe4 32. Ng1# {Black checkmated}
1-0

[Event "Team 45 45 League T42"]
[Site "Internet Chess Club"]
[Date "2009.08.07"]
[Round "2"]
[White "natethegreat"]
[Black "Thersites"]
[Result "1-0"]
[WhiteElo "1935"]
[BlackElo "1682"]
[Opening "Sicilian: Alapin's variation (2.c3)"]
[ECO "B22"]
[Time "14:00:09"]
[TimeControl "2700+45"]

1. e4 c5 2. c3 d5 3. exd5 Qxd5 4. d4 Nf6 5. Nf3 Bg4 6. Be2 e6 7. O-O Nc6 8. h3
Bh5 9. Be3 cxd4 10. cxd4 Bb4 11. a3 Ba5 12. b4 Bb6 13. Nc3 Qd6 14. Qa4 O-O 15.
Rad1 a6 16. d5 Ne5 17. dxe6 Qxe6 18. Ng5 Qc8 19. Bxb6 Qxc3 20. Bxh5 Nxh5 21. Bd4
Qc7 22. Bxe5 Qxe5 23. Nf3 Qe6 24. Qd7 Qb3 25. Rd3 Qc2 26. Ne1 Qc8 27. Qxc8 Rfxc8
28. Rd7 b5 29. Nf3 Rc3 30. Rfd1 g6 31. Ng5 Rxa3 32. Nxf7 Rf8 33. Nh6+ Kh8 34.
Re7 Nf6 35. Ra7 Ra1 36. Rxa1 {Black resigns} 1-0

[Event "Team 45 45 League T42"]
[Site "Internet Chess Club"]
[Date "2009.08.06"]
[Round "2"]
[White "Gwyddbwyll"]
[Black "Caminator"]
[Result "1-0"]
[WhiteElo "1739"]
[BlackElo "1854"]
[Opening "French: Steinitz variation"]
[ECO "C11"]
[Time "16:02:55"]
[TimeControl "2700+45"]

1. e4 e6 2. Nc3 d5 3. d4 Nf6 4. e5 Nfd7 5. Nf3 c5 6. Bb5 a6 7. Bxd7+ Bxd7 8. Be3
cxd4 9. Qxd4 Nc6 10. Qf4 Bb4 11. Qg4 Bf8 12. O-O g6 13. Bg5 Be7 14. Bxe7 Qxe7
15. Rfe1 O-O 16. Qf4 Rfc8 17. a3 Qf8 18. Ne2 Rc7 19. Ng3 Ne7 20. Rac1 Rac8 21.
c3 Rc4 22. Nd4 Nc6 23. b3 Rc5 24. Nxc6 R8xc6 25. Re3 Rc8 26. Nh5 Kh8 27. Nf6
R5c7 28. Rh3 h5 29. Rxh5+ gxh5 30. Qg5 Qxa3 31. Qh6# {Black checkmated} 1-0

[Event "Team 45 45 League T42"]
[Site "Internet Chess Club"]
[Date "2009.08.07"]
[Round "2"]
[White "mickeys"]
[Black "viking99"]
[Result "1-0"]
[WhiteElo "1903"]
[BlackElo "1817"]
[Opening "Grünfeld: Three knights variation"]
[ECO "D90"]
[Time "19:03:52"]
[TimeControl "2700+45"]

1. d4 Nf6 2. Nf3 g6 3. c4 d5 4. Nc3 Bg7 5. cxd5 Nxd5 6. g3 O-O 7. Bg2 c5 8. e4
cxd4 9. Nxd5 e6 10. Nb4 Qa5 11. Bd2 Qb5 12. Qe2 Qb6 13. O-O a5 14. Nd3 Nc6 15.
e5 Rd8 16. Bg5 Rd7 17. Rfc1 h6 18. Bf6 Qb5 19. Qd2 Rd5 20. Nh4 Nxe5 21. Bxd5
Bxf6 22. Nxe5 Qxd5 23. Nexg6 fxg6 24. Nxg6 Kg7 25. Nf4 Qd8 26. Nh5+ Kg6 27. Nxf6
Qxf6 28. Qd3+ Kg5 29. Rc5+ e5 30. Qxd4 Bh3 31. f4+ Kg6 32. Rxe5 Rd8 33. Qe4+ Bf5
34. Qe2 h5 35. h3 Rd3 36. Kg2 Qc6+ 37. Kh2 Qd7 38. Kh1 Qc6+ 39. Kh2 Qd7 40. Rxf5
Rd2 41. Rg5+ Kf6 42. Re1 h4 43. Re5 hxg3+ 44. Kxg3 Rxe2 45. R1xe2 Qd3+ 46. R5e3
Qg6+ 47. Kh2 Qf5 48. Rf3 Qd5 49. Rff2 a4 50. a3 Qd4 51. f5 Qd6+ 52. Kg2 Qd5+ 53.
Rf3 b5 54. Kg3 Qg8+ 55. Kf2 Qc4 56. Rc3 Qd4+ 57. Ree3 Kxf5 58. Ke2 b4 59. axb4
Qxb4 60. Rf3+ Kg5 61. Rg3+ Kh5 62. Rc2 Qe4+ 63. Kd2 Qd4+ 64. Rd3 Qb4+ 65. Rcc3
Qxb2+ 66. Ke3 Qb6+ 67. Rd4 Qe6+ 68. Kd2 Qa2+ 69. Rc2 Qe6 70. Rc3 Qa2+ 71. Rc2
Qe6 72. Rd3 Qh6+ 73. Kd1 Qb6 74. Kc1 Qb4 75. Rdc3 Qf4+ 76. Kb2 Qb4+ 77. Ka2 Kg5
78. Rc5+ Kf6 79. Rc6+ Kf7 80. Rb2 Qf4 81. Rb7+ Ke8 82. Rc8# {Black checkmated}
1-0

[Event "Team 45 45 League T42"]
[Site "Internet Chess Club"]
[Date "2009.08.07"]
[Round "2"]
[White "Kingofknights"]
[Black "KaMi62"]
[Result "1-0"]
[WhiteElo "1746"]
[BlackElo "1842"]
[Opening "Old Benoni defense"]
[ECO "A43"]
[Time "20:30:11"]
[TimeControl "2700+45"]

1. d4 c5 2. d5 e6 3. c4 e5 4. e4 d6 5. Nc3 Be7 6. Be2 Na6 7. Be3 Nc7 8. Qd2 f5
9. f4 Bf6 10. Nf3 exf4 11. Bxf4 Qe7 12. O-O fxe4 13. Nxe4 Qxe4 14. Bd3 Qe7 15.
Rae1 Bd7 16. Rxe7+ Bxe7 17. Re1 O-O-O 18. Ng5 Bxg5 19. Bxg5 Re8 20. Rxe8+ Nxe8
21. Qf4 h6 22. Qf8 hxg5 23. Bg6 Kd8 24. Bxe8 Bxe8 25. Qxd6+ Bd7 26. Qf8+ Kc7 27.
Qxg7 Rh4 28. Qxg8 Rxc4 29. Qxg5 Rd4 30. Qe5+ Kd8 31. h4 Rg4 32. d6 Rg8 33. Qxc5
Bc6 34. Qxa7 Rxg2+ 35. Kf1 Rxb2 36. Qb8+ Kd7 37. Qc7+ Ke6 38. Qe7+ Kd5 39. Qf7+
Kc5 40. Qf5+ Kb6 41. Qe5 Rxa2 42. Qd4+ Kb5 43. d7 Bxd7 44. Qxd7+ Kc5 45. Qxb7
Ra4 46. Qe7+ Kb5 47. Qd7+ Kb4 48. Qxa4+ {Black resigns} 1-0

[Event "Team 45 45 League T42"]
[Site "Internet Chess Club"]
[Date "2009.08.11"]
[Round "2"]
[White "froggoathorse"]
[Black "Marichan"]
[Result "0-1"]
[WhiteElo "1660"]
[BlackElo "1944"]
[Opening "Pirc: classical (two knights) system"]
[ECO "B08"]
[Time "20:30:08"]
[TimeControl "2700+45"]

1. e4 d6 2. d4 Nf6 3. Nc3 g6 4. Nf3 Bg7 5. Bc4 O-O 6. O-O Nxe4 7. Bxf7+ Rxf7 8.
Nxe4 h6 9. Nh4 d5 10. Ng3 g5 11. Ng6 Qd6 12. Qh5 Nc6 13. c3 Rf6 14. Ne5 Nxe5 15.
dxe5 Qxe5 16. Qe8+ Rf8 17. Qg6 Bf5 18. Nxf5 Qxf5 19. Qh5 e5 20. Be3 d4 21. cxd4
exd4 22. Bd2 c5 23. Rfe1 Qxf2+ 24. Kh1 Qxd2 25. Qg6 Qf2 26. Qe6+ Kh8 27. Qd5
Rae8 28. Reb1 b6 {White resigns} 0-1

[Event "Team 45 45 League T42"]
[Site "Internet Chess Club"]
[Date "2009.08.09"]
[Round "2"]
[White "DaveTheRook"]
[Black "Chess2Play"]
[Result "0-1"]
[WhiteElo "1683"]
[BlackElo "1702"]
[Opening "Queen's pawn game, Darooha variation "]
[ECO "D02"]
[Time "09:07:38"]
[TimeControl "2700+45"]

1. d4 d5 2. Nf3 Nf6 3. c3 c5 4. dxc5 a5 5. e3 e6 6. Bd3 Bxc5 7. O-O Nc6 8. Nbd2
Qc7 9. Qe2 Bd6 10. h3 Bd7 11. e4 dxe4 12. Nxe4 Nxe4 13. Bxe4 f5 14. Bxc6 bxc6
15. Re1 O-O 16. Ne5 Bc8 17. Bg5 Bb7 18. Rad1 c5 19. Nc4 Bh2+ 20. Kh1 Rae8 21.
Ne5 Bxe5 22. Qxe5 Qxe5 23. Rxe5 Bd5 24. b3 h6 25. Be3 Rd8 26. Kg1 c4 27. bxc4
Bxc4 28. Rxd8 Rxd8 29. Rxa5 Rd1+ 30. Kh2 Bd5 31. Ra7 e5 32. a3 f4 33. Bc5 Rc1
34. Bb4 Rc2 35. Rd7 Bc6 36. Rd8+ Kh7 37. Kg1 Rc1+ 38. Kh2 Rf1 39. Bc5 Rc1 40.
Rd6 Ba8 41. Rd8 Bc6 42. Bb4 Rc2 43. Rc8 Be4 44. Rc4 Ba8 45. Bc5 Bd5 46. Ra4 Rxc3
47. Ra5 e4 48. Bd4 e3 49. Bxc3 exf2 50. Ra7 Kg6 51. Rxg7+ Kf5 52. Rf7+ Bxf7
{White resigns} 0-1

[Event "Team 45 45 League T42"]
[Site "Internet Chess Club"]
[Date "2009.08.12"]
[Round "2"]
[White "HumanTornado"]
[Black "touchthis"]
[Result "1-0"]
[WhiteElo "1918"]
[BlackElo "1863"]
[Opening "French: Steinitz, Boleslavsky variation"]
[ECO "C11"]
[Time "23:00:06"]
[TimeControl "2700+45"]

1. e4 e6 2. d4 d5 3. Nc3 Nf6 4. e5 Nfd7 5. f4 c5 6. Nf3 Nc6 7. Be3 a6 8. Qd2 b5
9. a3 Qb6 10. Ne2 Qc7 11. dxc5 Bxc5 12. Ned4 Nxd4 13. Bxd4 Bb7 14. Bd3 Bxd4 15.
Nxd4 Nc5 16. Qe3 Ne4 17. O-O O-O 18. c3 Rfe8 19. Qh3 Qe7 20. Rae1 f5 21. exf6
Qxf6 22. Re3 Re7 23. f5 e5 24. Ne6 Nd6 25. Qg3 Nf7 26. Bb1 e4 27. Qxg7+ Qxg7 28.
Nxg7 Nd6 29. f6 Rf7 30. Nh5 Kf8 31. Ba2 Ke8 32. Nf4 Nf5 33. Rh3 Rxf6 34. Bxd5
Bxd5 35. Nxd5 Rf7 36. Rxf5 Rg7 37. Re3 Rd8 38. Rxe4+ Kd7 39. Rd4 Kc6 40. Ne7+
Rxe7 41. Rxd8 {Black resigns} 1-0

[Event "Team 45 45 League T42"]
[Site "Internet Chess Club"]
[Date "2009.08.06"]
[Round "2"]
[White "monsterpawn"]
[Black "parrot9"]
[Result "1/2-1/2"]
[WhiteElo "1810"]
[BlackElo "1779"]
[Opening "QGD semi-Slav: Stoltz variation"]
[ECO "D45"]
[Time "16:06:47"]
[TimeControl "2700+45"]

1. d4 d5 2. c4 c6 3. Nc3 Nf6 4. Nf3 e6 5. e3 Nbd7 6. Qc2 Be7 7. g4 dxc4 8. Bxc4
Nd5 9. Bxd5 exd5 10. Bd2 Nb6 11. Rg1 Nc4 12. g5 Be6 13. h4 Qd7 14. O-O-O b5 15.
Ne5 Nxe5 16. dxe5 a5 17. f4 a4 18. Rdf1 d4 19. exd4 Qxd4 20. Nxb5 Qb6 21. Nd6+
Bxd6 22. exd6 O-O 23. f5 Bxa2 24. g6 fxg6 25. fxg6 Rxf1+ 26. Rxf1 a3 27. gxh7+
Kh8 28. bxa3 Qb3 29. Qxb3 Bxb3 30. Bg5 Ra7 31. Bd8 Be6 32. Bc7 Rxa3 33. Kd2 Ra8
34. Re1 Bf5 35. Re5 Bg4 36. Kc3 Kxh7 37. Kb4 Rf8 38. Kc5 Rf5 39. Rxf5 Bxf5 40.
Kxc6 Kh6 41. d7 Bxd7+ 42. Kxd7 g5 {Game drawn by mutual agreement} 1/2-1/2

[Event "Team 45 45 League T42"]
[Site "Internet Chess Club"]
[Date "2009.08.10"]
[Round "2"]
[White "ElmerHo"]
[Black "Emrebey"]
[Result "1/2-1/2"]
[WhiteElo "1473"]
[BlackElo "1616"]
[Opening "Sicilian: accelerated fianchetto, Maróczy bind, 6.Be3"]
[ECO "B38"]
[Time "03:03:04"]
[TimeControl "2700+45"]

1. e4 c5 2. Nf3 Nc6 3. d4 cxd4 4. Nxd4 g6 5. c4 Bg7 6. Be3 d6 7. Nc3 Nf6 8. Be2
Bd7 9. O-O O-O 10. Qd2 Nxd4 11. Bxd4 Bc6 12. f3 Nd7 13. Be3 a6 14. Rfd1 Rc8 15.
Rac1 Nc5 16. b3 Qa5 17. Nd5 Qd8 18. Rb1 Bxd5 19. Qxd5 Qc7 20. Qd2 Rfd8 21. Bh6
Bxh6 22. Qxh6 Qa5 23. Qd2 Qxd2 24. Rxd2 e5 25. Rbd1 Rc6 26. Kf2 a5 27. Rb2 Rb6
28. Rdb1 Ra8 29. a4 Rb4 30. Ke3 Ra6 31. Kd2 Rab6 32. Kc3 Kg7 33. g3 h5 34. h4 f6
35. Bd3 {Game drawn by mutual agreement} 1/2-1/2

[Event "Team 45 45 League T42"]
[Site "Internet Chess Club"]
[Date "2009.08.06"]
[Round "2"]
[White "SlimeDog2"]
[Black "markgravitygood"]
[Result "1-0"]
[WhiteElo "2232"]
[BlackElo "1984"]
[Opening "Dutch: Ilyin-Genevsky variation"]
[ECO "A97"]
[Time "19:42:58"]
[TimeControl "2700+45"]

1. d4 f5 2. c4 Nf6 3. g3 e6 4. Bg2 Be7 5. Nc3 O-O 6. Nf3 d6 7. O-O Qe8 8. b4 a6
9. Qc2 Qh5 10. e4 fxe4 11. Nxe4 Nxe4 12. Qxe4 Nc6 13. Bd2 d5 14. cxd5 exd5 15.
Qe3 Bxb4 16. Bxb4 Nxb4 17. Ne5 c6 18. Qc3 a5 19. a3 Na6 20. Qxa5 Bh3 21. Rab1
Rab8 22. Bxh3 Qxh3 23. Nxc6 bxc6 24. Qxa6 Rxb1 25. Rxb1 Qf5 26. Rb2 Qf6 27. Qa7
h5 28. h4 Qe6 29. Qc5 Qe1+ 30. Kg2 Qe4+ 31. Kh2 Ra8 32. Qxc6 Rxa3 33. Rb8+ Kh7
34. Qe8 Qxe8 35. Rxe8 Rd3 36. Re5 Rxd4 37. Rxh5+ Kg6 38. Rg5+ Kf6 39. g4 Rd2 40.
Kg3 g6 41. f3 Rd4 42. f4 Rd3+ 43. Kf2 Rd2+ 44. Ke3 Rg2 45. Kf3 Rh2 46. h5 gxh5
47. Rxh5 Rd2 48. Rh6+ Kf7 49. g5 d4 50. f5 Rd1 51. Rh7+ Kf8 52. g6 d3 53. Rf7+
Kg8 54. Ke3 d2 55. Ke2 Re1+ 56. Kxd2 Re5 57. Kd3 Rb5 58. Ke4 Rb4+ 59. Ke5 Rb5+
60. Kf6 Rb6+ 61. Kg5 Rb5 62. Ra7 Rc5 63. Kh6 Rxf5 64. Ra8+ Rf8 65. Rxf8+ Kxf8
66. Kh7 {Black resigns} 1-0

[Event "Team 45 45 League T42"]
[Site "Internet Chess Club"]
[Date "2009.08.09"]
[Round "2"]
[White "spunni"]
[Black "Despair"]
[Result "1/2-1/2"]
[WhiteElo "1925"]
[BlackElo "1970"]
[Opening "Alekhine's defense: Scandinavian variation"]
[ECO "B02"]
[Time "07:15:06"]
[TimeControl "2700+45"]

1. e4 Nf6 2. Nc3 d5 3. exd5 Nxd5 4. Bc4 Nb6 5. Bb3 Nc6 6. Qf3 e6 7. Nge2 a5 8.
a4 Be7 9. O-O O-O 10. Ne4 Nd4 11. Nxd4 Qxd4 12. c3 Qd7 13. d4 Nd5 14. Qg3 f5 15.
Nd2 Rf7 16. Nc4 f4 17. Qf3 Rf8 18. Re1 Bg5 19. Bc2 Qe7 20. Qh5 g6 21. Qf3 c6 22.
b3 Qg7 23. Ne5 Bd7 24. Bd2 Bf6 25. Qg4 Bxe5 26. Rxe5 Qf7 27. c4 Nb4 28. Be4 b6
29. h4 Nd5 30. Qg5 Ne7 31. h5 Qf6 32. Qh6 Qh4 33. b4 axb4 34. Bxb4 Nf5 35. Bxf5
Rxf5 36. Rxf5 exf5 37. Re1 Qxh5 38. Qxf4 Re8 39. Rxe8+ Bxe8 40. Qd6 Qd1+ 41. Kh2
Qh5+ 42. Kg1 Qd1+ {Game drawn by mutual agreement} 1/2-1/2

[Event "Team 45 45 League T42"]
[Site "Internet Chess Club"]
[Date "2009.08.06"]
[Round "2"]
[White "matein7"]
[Black "themis8"]
[Result "0-1"]
[WhiteElo "1891"]
[BlackElo "1815"]
[Opening "QGD: semi-Slav, Noteboom variation"]
[ECO "D31"]
[Time "09:00:15"]
[TimeControl "2700+45"]

1. d4 d5 2. c4 e6 3. Nc3 c6 4. Nf3 dxc4 5. a4 Bb4 6. Bg5 f6 7. Bf4 Ne7 8. e3 Nd5
9. Qc2 Qa5 10. Rc1 b5 11. Bg3 Qxa4 12. Qxa4 bxa4 13. Bxc4 a3 14. O-O axb2 15.
Nxd5 cxd5 16. Bb5+ Bd7 17. Rc8+ Kf7 18. Rxh8 Bxb5 19. Rb1 Bc3 20. Rc8 Bd3 21.
Rxc3 Bxb1 22. Rb3 Bg6 23. Rxb2 Nd7 24. Bd6 Nb6 25. Bc5 Rc8 26. Ne1 Rc7 27. f3
Na4 28. Rb5 Nxc5 29. dxc5 Ke7 30. Kf2 Be8 31. Ra5 Bc6 32. Nc2 Kd7 33. Nd4 e5 34.
Nf5 Ke6 35. Nd6 Bd7 36. g4 g5 37. e4 d4 38. Ke2 Ke7 39. Kd3 Be6 40. h3 Kd7 41.
Nf5 Rb7 42. Ng7 Rb3+ 43. Kd2 Bc4 44. Rxa7+ Kc6 45. Nf5 Kxc5 46. Rxh7 Rxf3 47.
Rc7+ Kb4 48. Rb7+ Kc5 49. Rc7+ Kb4 50. Rb7+ Ka3 51. Ra7+ Kb2 52. Rb7+ Ka1 53.
Ra7+ Kb1 54. Rb7+ Ka2 55. Ra7+ Kb3 56. Rb7+ Ka4 57. Ra7+ Kb4 58. Rb7+ Ka3 59.
Ra7+ Kb2 60. Rb7+ Bb3 61. Nd6 Rxh3 62. Nc4+ Ka2 63. Ra7+ Kb1 64. Rb7 Rh2+ 65.
Kd3 Kc1 66. Nd6 Bc2+ 67. Kc4 d3 68. Nb5 d2 69. Nc3 d1=Q 70. Na2+ Kd2 71. Rd7+
Ke1 {White resigns} 0-1

[Event "Team 45 45 League T42"]
[Site "Internet Chess Club"]
[Date "2009.08.06"]
[Round "2"]
[White "bogolijubov"]
[Black "fishhead"]
[Result "1-0"]
[WhiteElo "1836"]
[BlackElo "1853"]
[Opening "Alekhine's defense: Scandinavian variation"]
[ECO "B02"]
[Time "20:06:26"]
[TimeControl "2700+45"]

1. e4 Nf6 2. Nc3 d5 3. e5 d4 4. exf6 dxc3 5. fxg7 cxd2+ 6. Qxd2 Qxd2+ 7. Bxd2
Bxg7 8. O-O-O Bf5 9. Ne2 Nd7 10. Ng3 Bg6 11. h4 h6 12. Be2 O-O-O 13. Nh5 Bd4 14.
Nf4 Bxf2 15. Nxg6 fxg6 16. Bc3 e5 17. Bg4 Rhe8 18. h5 g5 19. Rxd7 Rxd7 20. Rd1
Be3+ 21. Kb1 Re7 22. Rxd7 Rxd7 23. Bxe5 Kd8 24. Bxd7 Kxd7 25. g4 Ke6 26. Bg7 Kf7
27. Bxh6 c5 28. c3 c4 29. Kc2 b5 30. b3 a5 31. bxc4 bxc4 32. Kd1 Kf6 33. Ke2 Bc1
34. Kf3 Bd2 35. Ke4 Bxc3 36. Kd5 Bb4 37. Kxc4 Be7 38. Kd5 Bb4 39. Kc6 Be7 40.
Kd7 Bb4 41. Ke8 Bc5 42. Bf8 Bd4 43. Be7+ Kg7 44. Bxg5 {Black resigns} 1-0

[Event "Team 45 45 League T42"]
[Site "Internet Chess Club"]
[Date "2009.08.06"]
[Round "2"]
[White "BadHabitMarco"]
[Black "Pason"]
[Result "1-0"]
[WhiteElo "2022"]
[BlackElo "2054"]
[Opening "Sicilian: Richter-Rauzer, Larsen variation, 7.Qd2"]
[ECO "B61"]
[Time "12:00:03"]
[TimeControl "2700+45"]

1. e4 c5 2. Nf3 d6 3. d4 cxd4 4. Nxd4 Nf6 5. Nc3 Nc6 6. Bg5 Bd7 7. Qd2 Nxd4 8.
Qxd4 Qa5 9. Qd2 Rc8 10. Bd3 e6 11. O-O a6 12. Kh1 Ng4 13. f4 h6 14. Bh4 g5 15.
Bg3 e5 16. fxg5 hxg5 17. Qxg5 Bh6 18. Qh5 Be6 19. Nd5 Bg7 20. Qg5 Bh6 21. Qe7#
{Black checkmated} 1-0

[Event "Team 45 45 League T42"]
[Site "Internet Chess Club"]
[Date "2009.08.11"]
[Round "2"]
[White "alastorx"]
[Black "poni"]
[Result "1-0"]
[WhiteElo "1883"]
[BlackElo "1979"]
[Opening "Queen's Pawn"]
[ECO "B07"]
[Time "01:04:31"]
[TimeControl "2700+45"]

1. d4 d6 2. Nc3 Nf6 3. e4 e5 4. dxe5 dxe5 5. Qxd8+ Kxd8 6. Nf3 Bd6 7. Bc4 Be6 8.
Bxe6 fxe6 9. O-O Nc6 10. Rd1 Ke7 11. Bg5 h6 12. Be3 g5 13. a3 Nh5 14. b4 Nf4 15.
Rd2 Rhf8 16. Rad1 Rad8 17. Na4 a5 18. c4 Kf6 19. b5 Nb8 20. Nc5 Rde8 21. Nxb7
Bxa3 22. Nxa5 Bb4 23. Ra2 Rd8 24. Rxd8 Rxd8 25. h3 Rd1+ 26. Kh2 Nd7 27. Nb3 Nb6
28. c5 Nc4 29. b6 cxb6 30. cxb6 Nd6 31. Bxf4 gxf4 32. Ra4 Bc3 33. Nc5 Rb1 34.
Ra7 Bd4 35. Nxd4 exd4 36. f3 e5 37. Nd7+ Ke6 38. Nf8+ Kf6 39. Rc7 d3 40. Nd7+
Kg5 41. Rc5 d2 42. Rxe5+ Kg6 43. Re6+ Kf7 44. Rxd6 d1=Q 45. Rxd1 Rxd1 46. b7
{Black resigns} 1-0

[Event "Team 45 45 League T42"]
[Site "Internet Chess Club"]
[Date "2009.08.16"]
[Round "2"]
[White "Paulkov"]
[Black "NFK"]
[Result "1-0"]
[WhiteElo "1988"]
[BlackElo "1725"]
[Opening "French: Winawer (Nimzovich) variation"]
[ECO "C15"]
[Time "14:01:17"]
[TimeControl "2700+45"]

1. e4 e6 2. d4 d5 3. Nc3 Bb4 4. exd5 Qxd5 5. Nf3 Nf6 6. Bd3 O-O 7. O-O Bxc3 8.
bxc3 c5 9. Qe2 cxd4 10. cxd4 Nbd7 11. c4 Qh5 12. Rb1 Qa5 13. Rd1 Qc7 14. Ne5 b6
15. Bf4 Nxe5 16. Bxe5 Qe7 17. Bxf6 Qxf6 18. Qe4 {Black resigns} 1-0

[Event "Team 45 45 League T42"]
[Site "Internet Chess Club"]
[Date "2009.08.07"]
[Round "2"]
[White "BrerRabbit"]
[Black "SneakyRed"]
[Result "1-0"]
[WhiteElo "1560"]
[BlackElo "1878"]
[Opening "English: Caro-Kann defensive system"]
[ECO "A11"]
[Time "10:04:52"]
[TimeControl "2700+45"]

1. c4 c6 2. g3 d5 3. Bg2 dxc4 4. Na3 Be6 5. Qc2 Na6 6. Nxc4 Nf6 7. d3 Bf5 8. Nf3
e6 9. O-O Be7 10. Nh4 Nb4 11. Qd1 Bg4 12. a3 Nbd5 13. Nf3 Qc7 14. Bg5 h6 15. Bd2
a5 16. Rc1 Nd7 17. Ne3 Nxe3 18. Bxe3 O-O 19. Rc4 Bh5 20. Qd2 Nb6 21. Rc2 Nd5 22.
Bc5 Rfd8 23. Bxe7 Nxe7 24. Rfc1 Bg6 25. Qe1 Bh7 26. Nd2 Bg6 27. Be4 Bxe4 28.
Nxe4 b6 29. Rc4 Qe5 30. R4c2 Rd5 31. Qc3 Qh5 32. f3 c5 33. Qb3 Nc8 34. Rc4 Nd6
35. Nxd6 Rxd6 36. Rh4 Qg5 37. Rhc4 Qe3+ 38. Kf1 Rad8 39. Qc2 Rd4 40. Rxd4 Rxd4
41. Rd1 h5 42. Qb3 Rd6 43. Qc2 h4 44. Qd2 Qe5 45. Qf4 Qxf4 46. gxf4 Kh7 47. e3
c4 48. Ke2 cxd3+ 49. Rxd3 Rc6 50. Rc3 Rxc3 51. bxc3 Kg6 52. Kd3 b5 53. c4 b4 54.
axb4 axb4 55. Kc2 Kf5 56. Kb3 e5 57. fxe5 Kxe5 58. Kxb4 Kd6 59. Kb5 Kc7 60. Kc5
g5 61. Kd5 f5 62. Ke5 g4 63. fxg4 fxg4 64. Kf4 g3 65. hxg3 h3 66. Kf3 Kc6 67. g4
Kc5 68. Kg3 h2 69. Kxh2 Kxc4 70. Kh3 Kd5 71. Kh4 Ke6 72. Kh5 Kf7 73. Kh6 Kg8 74.
e4 Kh8 75. e5 Kg8 76. e6 Kf8 77. Kh7 Ke7 78. g5 Kxe6 79. g6 Kf6 80. g7 Ke7 81.
g8=Q Kf6 82. Qg7+ Kf5 83. Qg6+ Ke5 84. Kg7 Kd5 85. Qf5+ Kd6 86. Kf6 Kc6 87. Qe5
Kd7 88. Qe6+ Kc7 89. Ke7 Kb7 90. Qd6 Kc8 91. Qc6+ Kb8 92. Kd6 Ka7 93. Kc5 Kb8
94. Kb5 Ka7 95. Qd7+ Kb8 96. Kb6 Ka8 97. Qb7# {Black checkmated} 1-0

[Event "Team 45 45 League T42"]
[Site "Internet Chess Club"]
[Date "2009.08.05"]
[Round "2"]
[White "chesskilleruk"]
[Black "easycure"]
[Result "1-0"]
[WhiteElo "2257"]
[BlackElo "2380"]
[Opening "French: Tarrasch, closed variation"]
[ECO "C05"]
[Time "21:00:11"]
[TimeControl "2700+45"]

1. e4 e6 2. d4 d5 3. Nd2 Nf6 4. e5 Nfd7 5. f4 c5 6. c3 Nc6 7. Ndf3 Qb6 8. Ne2
cxd4 9. cxd4 Bb4+ 10. Nc3 f6 11. Bd3 O-O 12. a3 Be7 13. Na4 Qd8 14. O-O a6 15.
Qc2 f5 16. Be3 Nb6 17. Nc5 Qc7 18. Rfc1 Nd8 19. b4 Bd7 20. Qb3 Bc6 21. a4 Nc4
22. Bxc4 dxc4 23. Qxc4 Bd5 24. Qe2 Qc6 25. Nd2 Qe8 26. Nc4 Nc6 27. Nb6 Nxb4 28.
Nxa8 Qxa8 29. Nd7 Rd8 30. Nb6 Qb8 31. Rab1 a5 32. Qb5 Be4 33. Rb3 Nc6 34. d5
exd5 35. Rxc6 bxc6 36. Qxc6 Bb4 37. Bd4 Qa7 38. Rg3 Qe7 39. e6 g6 40. Nd7 Qd6
41. Nf6+ Kf8 42. Nxh7+ Kg8 43. Nf6+ Kf8 44. Nd7+ Ke7 45. Qb7 Rxd7 46. Qxd7+ Qxd7
47. exd7 Kxd7 48. Rxg6 Bc2 49. h4 Bd1 50. Rg5 Bg4 51. h5 {Black resigns} 1-0

[Event "Team 45 45 League T42"]
[Site "Internet Chess Club"]
[Date "2009.08.06"]
[Round "2"]
[White "jorobo"]
[Black "Folgers"]
[Result "1/2-1/2"]
[WhiteElo "2186"]
[BlackElo "2049"]
[Opening "QGD Slav defense: exchange variation"]
[ECO "D13"]
[Time "23:00:20"]
[TimeControl "2700+45"]

1. d4 d5 2. c4 c6 3. cxd5 cxd5 4. Nc3 Nf6 5. Nf3 Nc6 6. Bf4 e6 7. e3 Nh5 8. Bg5
Qb6 9. a3 h6 10. Bh4 g5 11. Bg3 Nxg3 12. hxg3 Bg7 13. Na4 Qd8 14. Rc1 a6 15. Bd3
e5 16. Nxe5 Nxe5 17. dxe5 Bxe5 18. Qb3 Rb8 19. Nb6 Be6 20. Ke2 Kf8 21. Rhd1 Qf6
22. Nxd5 Bxd5 23. Qxd5 Bxb2 24. Rc7 Bxa3 25. Bc4 Be7 26. Qe4 b5 27. Ba2 Re8 28.
Rdd7 Qb2+ 29. Rc2 Qf6 30. Rcc7 Qb2+ 31. Rc2 Qf6 32. Rcc7 {Game drawn by
repetition} 1/2-1/2

[Event "Team 45 45 League T42"]
[Site "Internet Chess Club"]
[Date "2009.08.10"]
[Round "2"]
[White "Zornorph"]
[Black "Ser-Enigma"]
[Result "1-0"]
[WhiteElo "2083"]
[BlackElo "2169"]
[Opening "Vienna: Pierce gambit"]
[ECO "C30"]
[Time "13:06:57"]
[TimeControl "2700+45"]

1. e4 e5 2. f4 Nc6 3. Nc3 exf4 4. Nf3 g5 5. d4 g4 6. Bc4 gxf3 7. O-O Nxd4 8.
Bxf4 Bc5 9. Kh1 d6 10. Bxf7+ Kxf7 11. Be3 Nf6 12. Nd5 Nxd5 13. Bxd4 Bxd4 14.
Qxd4 Nf6 15. Rxf3 Bg4 16. Rf4 h5 17. Raf1 Rh6 18. h3 Be6 19. e5 dxe5 20. Qxe5
Rc8 21. Qg5 Qh8 22. Qe5 c5 23. b4 Ke7 24. bxc5 Rc6 25. Qb2 Nd5 26. Qxb7+ Rc7 27.
Qa6 Qe5 28. Re4 Nb4 29. Rxb4 Qxc5 30. Re4 Rg6 31. Rfe1 Qc6 32. Qe2 Qd5 33. Re5
Qxa2 34. Qxh5 Qxc2 35. R5e2 Qd3 36. Qh7+ Kd6 37. Rxe6+ {Black resigns} 1-0